 Dungeon Crawl Stone Soup version 0.31-a0-145-g046c7d2549 (webtiles) character file.

Game seed: 1534785586716313764

243 uvd540 the Chopper (level 5, -4/48 HPs)
             Began as a Minotaur Berserker on June 6, 2023.
             Was a Priest of Trog.
             Succumbed to a gnoll sergeant zombie's poison
             ... on level 5 of the Dungeon.
             The game lasted 00:09:27 (2691 turns).

uvd540 the Chopper (Minotaur Berserker)             Turns: 2691, Time: 00:09:28

Health: -4/48      AC: 13    Str: 23    XL:     5   Next: 82%
Magic:  1/4        EV:  7    Int:  4    God:    Trog [***...]
Gold:   146        SH:  0    Dex: 10    Spells: 4/4 levels left

rFire   . . .        a - +0 hand axe
rCold   . . .        (no shield)
rNeg    . . .        b - +0 plate armour
rPois   .            (helmet restricted)
rElec   .            d - +0 cloak
rCorr   .            (no gloves)
SInv    .            (no boots)
Will    .....        m - amulet of guardian spirit Stlth
                     (no ring)
HPRegen 0.28/turn    (no ring)
MPRegen 0.09/turn

%: guardian spirit
@: lethally poisoned (-4 -> -49), about to teleport
A: horns 2, retaliatory headbutt
a: Renounce Religion, Berserk, Trog's Hand


You were on level 5 of the Dungeon.
You worshipped Trog.
Trog was most pleased with you.
You visited 1 branch of the dungeon, and saw 5 of its levels.

You collected 146 gold pieces.

Inventory:

Hand Weapons
 a - a +0 hand axe (weapon)
Armour
 b - a +0 plate armour (worn)
 d - a +0 cloak (worn)
Jewellery
 m - an amulet of guardian spirit (around neck)
Wands
 i - a wand of paralysis (7)
 n - a wand of flame (18)
Scrolls
 c - 2 scrolls of teleportation
 e - 2 scrolls of noise {unknown}
 g - 7 scrolls of identify {unknown}
 j - 2 scrolls of enchant armour {unknown}
 k - a scroll of blinking {unknown}
 s - a scroll of magic mapping {unknown}
Potions
 f - a potion of degeneration {unknown}
 h - 3 potions of curing {unknown}
 l - a potion of ambrosia {unknown}
 o - a potion of enlightenment {unknown}
 p - a potion of lignification {unknown}
 q - 2 potions of attraction {unknown}
 r - 2 potions of resistance


   Skills:
 + Level 5.0 Fighting
 + Level 5.0 Axes
 + Level 4.2 Armour
 + Level 3.8 Dodging


You had 4 spell levels left.
You didn't know any spells.
Your spell library contained the following spells:

 Spells                   Type           Power      Damage    Failure   Level
 Sublimation of Blood     Necr           0%         N/A       100%        2
 Wereblood                Tmut           0%         N/A       100%        2
 Call Canine Familiar     Summ           0%         N/A       100%        3
 Portal Projectile        Hex/Tloc       0%         N/A       100%        3
 Leda's Liquefaction      Hex/Erth       0%         N/A       100%        4
 Summon Hydra             Summ           0%         N/A       100%        7


Dungeon Overview and Level Annotations

Branches:
Dungeon (5/15)             Temple (0/1) D:4

Altars:
Gozag
Ru
Sif Muna
Vehumet

Annotations:
D:5 1 transporter


Innate Abilities, Weirdness & Mutations

You have a pair of horns on your head.
You reflexively headbutt those who attack you in melee.


Message History

You enter the transporter and appear at another place.
r - 2 potions of resistance
s - a scroll labelled NAMOOMAYLU
There is a transporter landing site here.
Really walk into that cloud of poison gas? [Y]es or [N]o only, please.
Really walk into that cloud of poison gas? [Y]es or [N]o only, please.
Really walk into that cloud of poison gas?
Okay, then.
You open the gate.
You feel the effects of Trog's Hand fading.
The ogre zombie hits you with a +0 giant club of venom!
You are poisoned.
The gnoll sergeant zombie barely misses you.
There is an open gate, spattered with blood here.
You hit the ogre zombie. You headbutt the ogre zombie.
The ogre zombie is moderately damaged.
You hit the gnoll sergeant zombie.
You feel very sick.
The gnoll sergeant zombie hits you with a +1 spear of venom.
You feel sick.
The gnoll sergeant zombie hits you from afar with a +1 spear of venom.
You are more poisoned.
You slash the ogre zombie!
The ogre zombie is heavily damaged.
You feel very sick.
The ogre zombie hits you with a +0 giant club of venom!
* * * LOW HITPOINT WARNING * * *
You are lethally poisoned!
As you read the scroll of teleportation, it crumbles to dust.
You feel strangely unstable.
* * * LOW HITPOINT WARNING * * *
You feel very sick.
The gnoll sergeant zombie hits you but does no damage.
You are more poisoned.
The gnoll sergeant zombie hits you but does no damage.
You are more poisoned.
Your skin stops crawling.
You feel less strong-willed.
You die...

###.................
#........##.########
#..©.##.............
############.########
#°.○○°.○# #.#
#°°○○☼°°# #.#
#☼°#©#○☼# #.#
#○☼...☼○# #.#
#☼○#@#○°# #.#######
#○☼...°○# #)......#
####°Z○#### #######.#
#○○○○ZZ○○.# #.#
#.°°°○☼°○○# #.# #####
#○○°...°°○# #.# .....
#○○☼$:$°°☼# #.# .....
#○°°[©(☼°°# #.#
######################
#.#


You could see 2 gnoll sergeant zombies and an ogre zombie.

Vanquished Creatures
  An iguana (D:4)
  3 gnolls (D:4)
  10 adders
  An ufetubus (D:4)
  3 worms
  8 orcs
  9 ball pythons
  3 bats
  10 endoplasms
  A giant cockroach (D:3)
  3 goblins
  9 hobgoblins
  5 quokkas
  A frilled lizard (D:1)
  8 kobolds
  4 rats
79 creatures vanquished.

Notes
Turn   | Place    | Note
-------+----------+-------------------------------------------
     0 | D:1      | uvd540 the Minotaur Berserker began the quest for the Orb.
     0 | D:1      | Reached XP level 1. HP: 19/19 MP: 0/0
   290 | D:1      | Reached XP level 2. HP: 23/27 MP: 1/1
   356 | D:1      | Found a faded altar of an unknown god.
   659 | D:2      | Reached XP level 3. HP: 33/33 MP: 2/2
   862 | D:2      | Reached ** piety under Trog
   938 | D:2      | Reached XP level 4. HP: 40/40 MP: 3/3
  1204 | D:3      | Found an opulent altar of Gozag.
  1403 | D:3      | Found a sacrificial altar of Ru.
  1628 | D:3      | Found a shimmering blue altar of Sif Muna.
  1711 | D:4      | Reached XP level 5. HP: 47/47 MP: 4/4
  1735 | D:4      | Found a radiant altar of Vehumet.
  1789 | D:4      | Found a staircase to the Ecumenical Temple.
  1876 | D:4      | Reached *** piety under Trog
  2007 | D:4      | Reached skill level 5 in Axes
  2275 | D:4      | Reached skill level 5 in Fighting
  2473 | D:5      | Entered Level 5 of the Dungeon
  2558 | D:5      | Found a transporter.
  2661 | D:5      | Found a transporter.
  2691 | D:5      | Succumbed to a gnoll sergeant zombie's poison

Illustrated notes

Levels and vault maps discovered:
D:1:      dpeg_arrival_windows_large_door, layout_loops_ring,
          dreamdust_ecumenical_altar_statues
D:2:      layout_rooms
D:3:      layout_rooms, mainiacjoe_overflow_boulevard, lemuel_blue_sif_altar,
          mainiacjoe_overflow_six_doors_small
D:4:      layout_cave_pools, vehumet_altar_wand_db,
          minmay_temple_entry_junction_2, serial_forest,
          infiniplex_forest_straight_4, infiniplex_forest_lined_ring,
          infiniplex_forest_fountain, infiniplex_forest_clump_double,
          infiniplex_forest_straight_2, minmay_misc_feat_rows,
          palyth_stone_intersect, grunt_decor_junction,
          kennysheep_generic_room_16
D:5:      gammafunk_cloud_chamber, layout_basic, ebering_ghost_disaster_area,
          kennysheep_donut, uniq_pikel

Skill      XL: |  1  2  3  4  5 |
---------------+----------------+-----
Fighting       | 4 5 |  5.0
Axes           | 4 5 |  5.0
Armour         | 3 4 |  4.2
Dodging        | 3 |  3.8

Action                     |  1- 3 |  4- 6 || total
---------------------------+-------+-------++-------
  Melee: Hand axe          |    79 |   114 ||   193
         Headbutt          |    13 |    13 ||    26
         Punch             |       |     2 ||     2
 Invoke: Trog's Hand       |       |     1 ||     1
    Use: Scroll            |       |     2 ||     2
 Armour: Leather armour    |    12 |       ||    12
         Animal skin       |     2 |       ||     2
         Plate armour      |    29 |    77 ||   106
  Dodge: Dodged            |    46 |    50 ||    96

Table legend: (Time is in decaauts)
 A = Elapsed time spent in this place.
 B = Non-inter-level travel time spent in this place.
 C = Inter-level travel time spent in this place.
 D = Time resting spent in this place.
 E = Time spent auto-exploring this place.
 F = Levels seen in this place.
 G = Mean time per level.
                   A        B        C        D        E       F      G
               +--------+--------+--------+--------+--------+-----+--------+
         Total |   2705 |   2626 |     79 |      0 |   1702 |   5 |  541.0 |
       Dungeon |   2705 |   2626 |     79 |      0 |   1702 |   5 |  541.0 |
               +--------+--------+--------+--------+--------+-----+--------+

Top non-repeatable levels by time:
     D:4: 772 daAuts
     D:1: 660 daAuts
     D:3: 531 daAuts
     D:2: 522 daAuts
     D:5: 217 daAuts
